details: 'sweet 2v2 with nadman'

« prev index next »

General information

Mini Map

Players

team 1
NightElfNADMaN (teal | 196 APM | 3000 actions | 15:18)
Hero icon 3 Keeper of the Grove
Ability icon 2 Entangling Roots
Ability icon 1 Thorns Aura
Hero icon 1 Demon Hunter
Ability icon 1 Mana Burn

» actions
Assign group hotkey23
Basic commands111
Build / train43
Enter build submenu17
Enter hero's abilities submenu4
Right click1271
Select / deselect531
Select group hotkey936
Use ability64
3000 total
» units
Wisp10
Huntress8
Dryad4
Druid of the Claw3
25 total
» upgrades
Abolish Magic1
Druid of the Claw Training2
Mark of the Claw1
4 total
» buildings
Altar of Elders1
Moon Well6
Ancient of War1
Hunter's Hall1
Tree of Ages1
Ancient of Lore2
Tree of Eternity3
15 total
» build order
00:07 Altar of Elders
00:18 Moon Well
01:44 Ancient of War
01:47 Hunter's Hall
01:58 Moon Well
02:17 Moon Well
03:13 Tree of Ages
04:11 Moon Well
05:55 Ancient of Lore
05:58 Ancient of Lore
06:04 Moon Well
08:04 Moon Well
09:34 Tree of Eternity
09:34 Tree of Eternity
» items
Healing Salve1
Lesser Clarity Potion1
Scroll of Town Portal2
4 total
OrcTIMG4STRok (red | 206 APM | 3159 actions | 15:18)
Hero icon 3 Far Seer
Ability icon 2 Feral Spirit
Ability icon 1 Chain Lighting
Hero icon 2 Tauren Chieftain
Ability icon 1 Shockwave
Ability icon 1 Endurance Aura

» actions
Assign group hotkey28
Basic commands69
Build / train49
ESC pressed3
Enter build submenu12
Enter hero's abilities submenu5
Give item / drop item2
Right click1514
Select / deselect369
Select group hotkey1039
Use ability69
3159 total
» units
Peon7
Grunt8
Raider7
Spirit Walker4
Demolisher2
28 total
» upgrades
Berserker Strength1
Spirit Walker Training1
Ensnare1
Pillage1
4 total
» buildings
Altar of Storms1
Orc Burrow5
Barracks2
Stronghold1
Beastiary1
Spirit Lodge1
Voodoo Lounge1
War Mill1
Fortress1
14 total
» build order
00:05 Altar of Storms
00:16 Orc Burrow
00:46 Barracks
00:48 Barracks
01:26 Orc Burrow
02:46 Stronghold
03:49 Orc Burrow
05:50 Beastiary
05:53 Spirit Lodge
05:57 Voodoo Lounge
06:13 Orc Burrow
08:32 War Mill
12:00 Fortress
13:31 Orc Burrow
» items
Healing Salve2
Scroll of Town Portal1
Lesser Clarity Potion2
Potion of Healing1
6 total
team 2
OrcGhostu (blue | 87 APM | 1326 actions | 15:14)
Hero icon 2 Blademaster
Ability icon 1 Wind Walk
Ability icon 1 Critical Strike
Hero icon 2 Shadow Hunter
Ability icon 1 Hex
Ability icon 1 Healing Wave

» actions
Assign group hotkey25
Basic commands3
Build / train47
ESC pressed2
Enter build submenu16
Enter hero's abilities submenu4
Give item / drop item1
Right click710
Select / deselect293
Select group hotkey156
Use ability69
1326 total
» units
Peon10
Grunt12
Raider4
Spirit Walker1
27 total
» upgrades
Ensnare1
Berserker Strength1
2 total
» buildings
Altar of Storms1
Orc Burrow6
Barracks1
Voodoo Lounge4
Stronghold1
Beastiary1
Spirit Lodge2
16 total
» build order
00:05 Altar of Storms
00:14 Orc Burrow
00:37 Barracks
01:23 Orc Burrow
01:57 Voodoo Lounge
03:01 Voodoo Lounge
03:11 Stronghold
04:51 Orc Burrow
05:43 Beastiary
05:45 Spirit Lodge
07:54 Orc Burrow
08:03 Voodoo Lounge
08:12 Spirit Lodge
08:31 Orc Burrow
08:33 Orc Burrow
12:22 Voodoo Lounge
» items
Healing Salve3
Lesser Clarity Potion3
Potion of Healing2
Potion of Mana2
Scroll of Town Portal1
11 total
UndeadSkiLLMeTHoD (yellow | 84 APM | 1291 actions | 15:17)
Hero icon 2 Death Knight
Ability icon 1 Death Coil
Ability icon 1 Unholy Aura
Hero icon 2 Lich
Ability icon 1 Frost Nova
Ability icon 1 Frost Armor

» actions
Assign group hotkey26
Build / train37
Enter build submenu16
Enter hero's abilities submenu4
Remove unit from queue1
Right click657
Select / deselect214
Select group hotkey288
Use ability48
1291 total
» units
Acolyte3
Ghoul2
Crypt Fiend7
Obsidian Statue6
18 total
» upgrades
Destroyer Form1
1 total
» buildings
Crypt3
Graveyard1
Ziggurat4
Altar of Darkness1
Tomb of Relics3
Nerubian Tower1
Halls of the Dead1
Spirit Tower1
Slaughterhouse1
Black Citadel1
Sacrificial Pit1
18 total
» build order
00:12 Crypt
00:17 Crypt
00:25 Graveyard
00:41 Ziggurat
01:01 Altar of Darkness
01:14 Tomb of Relics
01:46 Nerubian Tower
02:24 Ziggurat
03:25 Halls of the Dead
04:37 Ziggurat
04:48 Spirit Tower
05:59 Tomb of Relics
08:08 Slaughterhouse
08:36 Black Citadel
09:46 Ziggurat
13:40 Tomb of Relics
13:50 Sacrificial Pit
14:15 Crypt
» items
Rod of Necromancy1
Potion of Healing2
Scroll of Town Portal1
Potion of Mana2
Orb of Corruption1
7 total